Map: Ulrena

Players

xXkazperXx - Winner!

  • Race: Zerg Zerg

RANURA DE IA (Media)

  • Race: Protoss Protoss

VOD

Have the link to the VOD?

Description

Time

  • Played on: Feb. 29, 2016, 1:11 a.m.
  • Length: 25:47
Show
View Real Time Build Order
Export as new Build Order

xXkazperXx Zerg - Winner!

Build Orders: Pool First 

Get SALT Encoding   

  12  0:05  Drone  
  14  0:21  Drone  
  14  0:24  Overlord  
  14  0:42  Drone x2  
  16  0:54  Spawning Pool  
  15  0:59  Extractor  
  15  1:00  Drone x2  
  16  1:14  Overlord  
  16  1:20  Drone  
  17  1:47  Zergling x4  
  19  1:57  Overlord  
  19  2:19  Drone x2  
  21  2:26  Lair  
  21  2:35  Extractor  
  20  2:48  Hatchery  
  17  3:08  Zergling x6  
  20  3:27  Hydralisk Den, Queen  
  21  3:37  Drone  
  21  3:38  Drone  
  23  4:03  Pneumatized Carapace  
  23  4:06  Hydralisk x2  
  23  4:07  Hydralisk  
  29  4:10  Drone  
  30  4:33  Drone x3  
  33  4:46  Overlord x3, Queen  
  35  4:59  Drone x3  
  38  5:06  Drone  
  38  5:07  Drone x2  
  41  5:15  Zergling x2  
  42  5:33  Zergling x4  
  44  5:35  Hydralisk  
  44  5:36  Hydralisk  
  44  5:42  Extractor  
  47  5:59  Drone  
  47  6:00  Drone  
  47  6:04  Drone x3  
  52  6:17  Drone x2  
  54  6:24  Spine Crawler  
  53  6:29  Muscular Augments  
  53  6:30  Metabolic Boost  
  53  6:40  Infestation Pit  
  53  6:44  Spire  
  53  6:46  Drone x2  
  53  6:47  Drone  
  54  6:49  Drone  
  54  6:50  Drone x4  
  43  7:20  Zergling x6  
  46  7:24  Zergling x6  
  49  7:50  Zergling x4  
  51  7:53  Zergling x4  
  51  7:54  Zergling x2  
  54  8:15  Zergling x2, Evolution Chamber  
  54  8:22  Drone x3  
  54  8:23  Overlord x3  
  57  9:20  Zergling x4  
  57  9:21  Zergling x8  
  57  9:24  Mutalisk x6  
  75  9:42  Hatchery  
  75  9:43  Hatchery  
  73  9:57  Drone x2  
  75  10:13  Drone x4  
  79  10:17  Zergling x4  
  79  10:18  Zergling x8  
  85  10:26  Zerg Flyer Armor Level 1  
  85  10:45  Queen  
  87  10:53  Hydralisk x2  
  91  10:58  Drone  
  91  11:03  Overlord x3  
  92  11:10  Drone x2  
  94  11:21  Queen  
  96  11:30  Burrow  
  89  11:49  Mutalisk x3  
  89  11:50  Mutalisk x2  
  89  11:53  Drone x3  
  102  12:02  Lair  
  102  12:04  Drone x3  
  105  12:09  Overlord  
  105  12:10  Overlord x2  
  105  12:19  Roach Warren  
  104  12:29  Drone x2  
  106  12:36  Drone x3  
  109  12:44  Drone x2  
  109  12:45  Drone  
  112  12:51  Extractor, Hatchery  
  112  12:54  Extractor  
  109  13:11  Hive  
  109  13:16  Roach x3  
  115  13:22  Roach x3  
  115  13:23  Roach x2  
  115  13:25  Roach x4  
  133  13:41  Queen  
  133  13:44  Drone x2  
  133  13:45  Drone  
  138  14:11  Hydralisk x3  
  144  14:24  Lurker Den  
  144  14:28  Greater Spire  
  144  14:30  Pathogen Glands  
  144  14:33  Glial Reconstitution  
  144  14:46  Hydralisk  
  144  14:47  Hydralisk x2  
  150  14:58  Drone x3  
  148  15:26  Drone  
  148  15:28  Zergling x6  
  152  15:35  Drone x2  
  153  15:36  Drone  
  153  15:41  Extractor  
  154  15:43  Extractor  
  154  15:46  Drone  
  154  15:47  Drone x4  
  158  16:14  Overlord x3  
  158  16:40  Mutalisk  
  158  16:41  Mutalisk x5  
  158  16:46  Overlord x3  
  170  16:48  Hatchery  
  169  17:19  Ultralisk Cavern  
  168  17:24  Baneling Nest  
  167  17:33  Drone x3  
  170  17:54  Hive  
  170  18:07  Zergling x4  
  170  18:08  Zergling x8  
  170  18:10  Chitinous Plating  
  176  18:20  Zerg Flyer Weapons Level 1  
  159  18:44  Zergling x6  
  162  18:49  Zergling x12  
  162  18:53  Drone x3  
  171  19:06  Hydralisk x6  
  171  19:07  Hydralisk x2  
  171  19:11  Roach x7  
  171  19:24  Ultralisk x3  
  189  19:43  Baneling  
  189  19:44  Baneling x2  
  189  19:45  Baneling x6  
  166  20:50  Zergling x6  
  166  20:54  Hydralisk x6  
  166  20:56  Mutalisk x2  
  166  20:57  Mutalisk x3  
  181  21:00  Mutalisk x4  
  192  23:05  Lurker x3  
  195  23:17  Zerg Flyer Armor Level 2  
  195  23:19  Neural Parasite  
  195  23:20  Tunneling Claws  
  195  23:22  Zerg Melee Weapons Level 1  
  195  23:25  Adrenal Glands  
  195  23:28  Centrifical Hooks  
  190  24:59  Zergling x6  
  193  25:31  Baneling  
  193  25:32  Baneling x5  
Show
View Real Time Build Order
Export as new Build Order

RANURA DE IA (Media) Protoss 

Build Orders:  

Get SALT Encoding   

  12  0:01  Probe (Chrono Boost)  
  13  0:11  Probe (Chrono Boost)  
  14  0:20  Pylon  
  14  0:22  Probe (Chrono Boost)  
  15  0:38  Probe (Chrono Boost)  
  16  0:47  Assimilator  
  16  0:49  Probe (Chrono Boost)  
  17  0:50  Gateway  
  17  0:59  Probe (Chrono Boost)  
  17  1:01  Pylon  
  18  1:29  Gateway  
  18  1:35  Assimilator  
  18  1:42  Cybernetics Core  
  18  1:45  Zealot  
  20  2:04  Pylon  
  20  2:14  Warp Gate  
  20  2:17  Adept  
  22  2:34  Zealot  
  24  2:51  Adept  
  24  2:55  Pylon  
  26  3:07  Adept  
  28  3:16  Probe (Chrono Boost)  
  29  3:23  Stalker  
  32  3:28  Probe (Chrono Boost)  
  32  3:34  Pylon  
  32  3:40  Adept, Probe (Chrono Boost)  
  35  3:51  Forge, Probe (Chrono Boost)  
  36  3:57  Adept  
  39  4:03  Probe (Chrono Boost)  
  39  4:15  Probe (Chrono Boost)  
  40  4:18  Adept  
  42  4:34  Adept  
  44  6:26  Stalker  
  44  6:27  Probe (Chrono Boost)  
  44  6:31  Pylon  
  47  6:33  Photon Cannon  
  47  6:34  Photon Cannon  
  47  6:35  Nexus  
  47  6:37  Robotics Facility  
  47  6:39  Stargate  
  47  6:40  Sentry  
  47  6:41  Twilight Council  
  47  6:44  Gateway  
  49  6:47  Forge  
  49  6:54  Pylon, Stalker  
  37  7:09  Stalker  
  35  7:23  Sentry  
  35  7:24  Observer  
  36  7:37  Sentry  
  38  7:44  Observer  
  38  7:48  Probe (Chrono Boost)  
  38  7:50  Probe (Chrono Boost)  
  41  7:52  Zealot  
  44  7:59  Assimilator, Probe (Chrono Boost)  
  44  8:00  Pylon  
  44  8:01  Probe (Chrono Boost)  
  44  8:02  Pylon  
  45  8:06  Zealot  
  45  8:10  Probe (Chrono Boost)  
  45  8:12  Probe (Chrono Boost)  
  49  8:20  Stalker  
  49  8:21  Probe (Chrono Boost)  
  49  8:22  Photon Cannon  
  49  8:24  Probe (Chrono Boost)  
  53  8:27  Photon Cannon  
  53  8:32  Photon Cannon, Probe (Chrono Boost)  
  54  8:34  Probe (Chrono Boost)  
  54  8:35  Adept  
  57  8:43  Probe (Chrono Boost)  
  57  8:46  Probe (Chrono Boost)  
  59  8:49  Adept  
  59  8:54  Probe (Chrono Boost)  
  62  8:56  Probe (Chrono Boost)  
  63  9:05  Probe (Chrono Boost)  
  63  9:07  Probe (Chrono Boost)  
  65  9:15  Probe (Chrono Boost)  
  66  9:52  Assimilator  
  66  10:15  Probe (Chrono Boost)  
  67  11:08  Protoss Ground Weapons Level 1  
  67  11:09  Immortal  
  67  11:10  Protoss Ground Armor Level 1  
  67  11:15  Gateway  
  71  11:20  Robotics Facility, Nexus  
  71  11:21  Zealot  
  71  11:22  Stargate  
  71  11:24  Templar Archives  
  73  11:26  Robotics Bay  
  73  11:28  Dark Shrine  
  73  11:29  Fleet Beacon  
  73  11:31  Stalker  
  53  11:42  Stalker  
  53  11:46  Warp Prism  
  55  11:52  Sentry  
  59  12:02  Adept  
  59  12:05  Observer  
  62  12:12  Observer Gravitic Boosters, Zealot  
  64  12:20  Warp Prism  
  64  12:22  Stalker  
  68  12:32  Zealot  
  68  12:34  Probe (Chrono Boost)  
  68  12:36  Probe (Chrono Boost)  
  72  12:39  Probe (Chrono Boost)  
  72  12:41  Immortal, Assimilator  
  77  12:45  Pylon  
  77  12:46  Probe (Chrono Boost)  
  77  12:48  Probe (Chrono Boost)  
  77  12:49  Pylon  
  77  12:50  Probe (Chrono Boost)  
  80  12:52  Assimilator  
  82  12:58  Probe (Chrono Boost)  
  82  13:00  Probe (Chrono Boost)  
  82  13:01  Probe (Chrono Boost)  
  82  13:02  Gravitic Drive  
  83  13:09  Probe (Chrono Boost)  
  83  13:11  Probe (Chrono Boost)  
  83  13:12  Photon Cannon  
  85  13:15  Photon Cannon  
  85  14:45  Protoss Ground Weapons Level 2  
  85  14:47  Protoss Ground Armor Level 2  
  85  14:48  Protoss Air Weapons Level 1  
  85  14:51  Zealot  
  87  14:57  Zealot  
  89  15:02  Stalker  
  89  15:07  Stalker  
  89  15:12  Stalker  
  71  15:17  Sentry  
  71  15:21  Immortal  
  73  15:27  Adept  
  79  15:32  Immortal  
  83  15:37  Stalker  
  83  15:39  Nexus  
  85  15:42  Zealot  
  85  15:45  Blink  
  85  15:47  Stalker  
  89  15:52  Stalker  
  91  15:59  Zealot  
  93  16:04  Sentry  
  93  16:11  Zealot  
  97  16:30  Protoss Air Armor Level 1  
  97  16:47  Protoss Ground Weapons Level 3  
  97  16:53  Protoss Shields Level 1  
  97  17:00  Assimilator  
  97  17:02  Pylon  
  97  17:04  Pylon  
  97  17:10  Assimilator  
  97  17:26  Photon Cannon  
  97  17:29  Photon Cannon  
  97  18:03  Disruptor  
  97  18:11  Protoss Air Weapons Level 2  
  100  18:12  Stalker  
  100  18:18  Stalker  
  104  18:21  Disruptor  
  101  18:30  Tempest  
  101  18:33  Protoss Ground Armor Level 3  
  81  18:36  Stalker  
  77  18:41  Stalker  
  77  18:47  Stalker  
  81  18:53  Stalker  
  83  18:58  Sentry  
  85  19:04  Sentry  
  87  19:10  Stalker  
  87  19:12  Protoss Shields Level 2  
  87  19:16  Stalker  
  91  19:21  Zealot  
  93  19:27  Adept  
  95  19:33  Zealot  
  97  20:15  Stalker  
  97  20:21  Stalker  
  81  20:23  Protoss Air Armor Level 2  
  81  20:27  Zealot  
  71  20:30  Photon Cannon  
  71  20:32  Stalker  
  62  20:38  Adept  
  59  20:44  Zealot, Probe (Chrono Boost)  
  59  20:46  Tempest  
  59  20:48  Probe (Chrono Boost)  
  61  20:51  Probe (Chrono Boost)  
  61  20:55  Probe (Chrono Boost)  
  61  20:56  Sentry  
  66  21:00  Pylon, Nexus  
  66  21:02  Stalker  
  67  21:07  Stalker  
  69  21:13  Sentry  
  64  21:18  Probe (Chrono Boost)  
  64  21:19  Stalker  
  64  21:25  Stalker, Probe (Chrono Boost)  
  65  21:30  Stalker  
  65  21:31  Probe (Chrono Boost)  
  59  21:34  Pylon  
  59  21:36  Stalker  
  59  21:38  Probe (Chrono Boost)  
  62  21:41  Disruptor, Probe (Chrono Boost)  
  62  21:47  Stalker, Nexus  
  65  21:50  Probe (Chrono Boost)  
  65  21:52  Probe (Chrono Boost)  
  70  21:57  Stalker  
  57  22:02  Adept, Probe (Chrono Boost)  
  57  22:03  Probe (Chrono Boost)  
  57  22:07  Zealot  
  57  22:11  Assimilator  
  57  22:12  Zealot  
  57  22:13  Probe (Chrono Boost)  
  57  22:14  Probe (Chrono Boost)  
  62  22:16  Probe (Chrono Boost)  
  62  22:17  Assimilator  
  62  22:22  Zealot  
  61  22:23  Probe (Chrono Boost)  
  61  22:27  Sentry, Assimilator  
  61  22:28  Pylon  
  56  22:32  Pylon  
  56  22:34  Assimilator  
  48  22:40  Stalker  
  48  22:52  Pylon  
  48  22:56  Photon Cannon  
  45  22:58  Photon Cannon  
  45  22:59  Probe (Chrono Boost)  
  45  23:05  Pylon  
  41  23:10  Probe (Chrono Boost)  
  42  23:19  Pylon  
  42  23:22  Forge  
  42  23:24  Forge  
  42  23:27  Gateway  
  42  23:38  Probe (Chrono Boost)  
  42  23:41  Probe (Chrono Boost)  
  43  23:44  Probe (Chrono Boost)  
  43  23:46  Pylon  
  45  23:48  Probe (Chrono Boost)  
  45  23:51  Probe (Chrono Boost)  
  45  23:54  Probe (Chrono Boost)  
  47  23:59  Probe (Chrono Boost)  
  47  24:00  Photon Cannon  
  47  24:02  Probe (Chrono Boost)  
  49  24:03  Photon Cannon  
  49  24:06  Pylon  
  49  24:09  Probe (Chrono Boost)  
  51  24:12  Probe (Chrono Boost)  
  46  24:24  Zealot  
  46  24:28  Pylon  
  46  24:29  Zealot  
  40  24:38  Pylon  
  32  24:49  Pylon  
  32  24:52  Probe (Chrono Boost)  
  21  25:02  Pylon  
  21  25:03  Probe (Chrono Boost)  
  20  25:13  Probe (Chrono Boost)  
  21  25:16  Nexus  
  21  25:24  Probe (Chrono Boost)  
  22  25:31  Gateway  
  22  25:33  Nexus  
  23  25:41  Assimilator  
Tags
 
Matchup
PvZ
Opening
Pool First
Replay Pack
replays pack
Add a new tag
Caveats
  • Supply blocks, unpowered buildings, or Contaminate may cause inaccurate times.
  • Supply counts are checked every 10 seconds.